 Dungeon Crawl Stone Soup version 0.30-a0-986-g7f2e898f52 (webtiles) character file.

Game seed: 15104784069702406425

148 Mesmaeker13 the Vexing (level 5, 0/37 HPs)
             Began as a Barachi Hexslinger on Apr 1, 2023.
             Succumbed to a scorpion's poison
             ... on level 5 of the Dungeon.
             The game lasted 00:03:54 (2812 turns).

Mesmaeker13 the Vexing (Barachi Hexslinger)         Turns: 2812, Time: 00:03:55

Health: 0/37       AC:  2    Str: 12    XL:     5   Next: 30%
Magic:  3/6        EV: 13    Int: 13    God:
Gold:   252        SH:  0    Dex: 14    Spells: 5/6 levels left

rFire   . . .      SeeInvis .    a - +1 sling
rCold   . . .      Faith    .    (no shield)
rNeg    . . .      Spirit   .    c - +0 robe
rPois   .          Reflect  .    (no helmet)
rElec   .          Rampage  .    (no cloak)
rCorr   .                        (no gloves)
Will    .....                    (no boots)
Stlth   +                        (no amulet)
HPRegen 0.26/turn                (no ring)
MPRegen 0.10/turn                (no ring)

@: mighty, lethally poisoned (0 -> -4), unable to hop, slow
A: amphibious, slowness 1, strong legs 1, +LOS
a: Hop


You were on level 5 of the Dungeon.
You visited 1 branch of the dungeon, and saw 5 of its levels.

You collected 252 gold pieces.

Inventory:

Hand Weapons
 a - a +1 sling (weapon)
Missiles
 k - 3 poisoned darts
Armour
 c - a +0 robe (worn)
Scrolls
 b - a scroll of poison
 e - a scroll of torment {unknown}
 f - 2 scrolls of teleportation {unknown}
 g - a scroll of enchant armour {unknown}
 i - 4 scrolls of identify {unknown}
Potions
 h - a potion of heal wounds {unknown}
 j - a potion of flight {unknown}


   Skills:
 - Level 1.2 Fighting
 + Level 3.4 Ranged Weapons
 + Level 3.8 Dodging
 - Level 1.1 Spellcasting
 + Level 4.5 Hexes


You had 5 spell levels left.
You knew the following spells:

 Your Spells              Type           Power      Damage    Failure   Level
a - Slow                  Hex            48%        N/A       4%          1

Your spell library contained the following spells:

 Spells                   Type           Power      Damage    Failure   Level
 Confusing Touch          Hex            12%        N/A       13%         3
 Foxfire                  Conj/Fire      0%         2x1d2     28%         1
 Kiss of Death            Conj/Necr      0%         2d5       28%         1
 Sting                    Tmut/Pois      0%         1d3       28%         1
 Inner Flame              Hex/Fire       6%         N/A       32%         3
 Portal Projectile        Hex/Tloc       12%        N/A       32%         3
 Poisonous Vapours        Pois/Air       0%         N/A       38%         2
 Sublimation of Blood     Necr           0%         N/A       38%         2
 Wereblood                Tmut           0%         N/A       38%         2
 Cause Fear               Hex            6%         N/A       41%         4
 Dispel Undead            Necr           0%         3d6       95%         4
 Olgreb's Toxic Radiance  Pois           0%         N/A       95%         4
 Fireball                 Conj/Fire      0%         3d3       100%        5
 Starburst                Conj/Fire      0%         6d3       100%        6
 Summon Hydra             Summ           0%         N/A       100%        7


Dungeon Overview and Level Annotations

Branches:
Dungeon (5/15)
 Temple: D:4-7

Altars:
Makhleb
Vehumet

Shops:
D:2 *[?(   D:3 =

Annotations:
D:3 3 runed translucent doors, Reshi88's ghost, amateur SpWr


Innate Abilities, Weirdness & Mutations

You are amphibious.
You cover ground slowly.
You can hop short distances.
You have an extended range of vision and can be seen from far away.


Message History

The scorpion stings you.
You shoot a sling bullet.
The sling bullet hits the scorpion but does no damage.
The scorpion is severely wounded.
The scorpion stings you. The scorpion closely misses you.
You shoot a sling bullet.
The sling bullet hits the scorpion but does no damage.
The scorpion is severely wounded.
The scorpion stings you.
You are poisoned.
The scorpion poisons you!
You shoot a sling bullet.
The sling bullet barely misses the scorpion.
You feel very sick. The scorpion stings you.
The scorpion stings you but does no damage.
You are too injured to fight recklessly!
You are too injured to fight recklessly!
You are too injured to fight recklessly!
Aiming: Slow (safe; 4% risk of failure)
Press: ? - help, Q - select action, (/) - cycle Shift-Dir - straight line, f/p - scorpion
Aim: a scorpion (heavily wounded, chance to affect: 46%)
The scorpion resists with some effort.
You feel sick. The scorpion closely misses you.
Unknown command.
Aiming: Slow (safe; 4% risk of failure)
Press: ? - help, Q - select action, (/) - cycle Shift-Dir - straight line, f/p - scorpion
Aim: a scorpion (heavily wounded, chance to affect: 46%)
The scorpion resists with some effort.
You feel sick. The scorpion stings you.
* * * LOW HITPOINT WARNING * * *
Aiming: Slow (safe; 4% risk of failure)
Press: ? - help, Q - select action, (/) - cycle Shift-Dir - straight line, f/p - scorpion
Aim: a scorpion (heavily wounded, chance to affect: 46%)
The scorpion seems to slow down.
You feel sick. The scorpion stings you!
* * * LOW HITPOINT WARNING * * *
It was a potion of might.
You feel very mighty all of a sudden.
You die...

### #.### #...
#####.# #.....#
#...#.###########.#
###.#.#........s@...#
......#.#############
###..<#.# #.....#
#.[.#.# #.....#
#...#.###.....####
.....#.............
#...#.#####.....###.
!.........'.....# ..
.#..#.....#.....#.##


You could see a scorpion (slow).

Vanquished Creatures
  A crimson imp (D:5)
  An iguana (D:4)
  2 adders
  2 worms
  3 ball pythons
  6 endoplasms
  2 giant cockroaches
  13 goblins
  7 hobgoblins
  3 jackals (D:3)
  2 quokkas (D:2)
  4 bats
  4 frilled lizards
  8 kobolds
  3 rats
61 creatures vanquished.

Notes
Turn   | Place    | Note
-------+----------+-------------------------------------------
     0 | D:1      | Mesmaeker13 the Barachi Hexslinger began the quest for the
                  | Orb.
     0 | D:1      | Reached XP level 1. HP: 15/15 MP: 2/2
   139 | D:1      | Reached XP level 2. HP: 21/21 MP: 3/3
   277 | D:1      | Found a faded altar of an unknown god.
   617 | D:1      | Reached XP level 3. HP: 26/26 MP: 4/4
  1004 | D:2      | Found Pokih's Antique Weapon Boutique.
  1095 | D:2      | Found Uraxe Fius's Assorted Antiques.
  1217 | D:2      | Found Meoxteu's Magic Scroll Boutique.
  1280 | D:2      | Found Iptith's Antique Armour Boutique.
  1677 | D:3      | Reached skill level 4 in Hexes
  1700 | D:3      | Found Weetigung's Jewellery Boutique.
  1737 | D:3      | Found a runed translucent gate.
  1737 | D:3      | Found a runed translucent gate.
  1737 | D:3      | Found a runed translucent gate.
  1770 | D:3      | Reached XP level 4. HP: 24/32 MP: 5/5
  1897 | D:3      | Noticed Reshi88's ghost (amateur SpWr)
  2539 | D:4      | Noticed a phantom
  2569 | D:5      | Entered Level 5 of the Dungeon
  2677 | D:5      | Found a burning altar of Makhleb.
  2678 | D:5      | Found a radiant altar of Vehumet.
  2705 | D:5      | Reached XP level 5. HP: 28/37 MP: 6/6
  2811 | D:5      | HP: 1/37 [scorpion (7)]
  2812 | D:5      | Succumbed to a scorpion's poison

Illustrated notes

Levels and vault maps discovered:
D:1:      dpeg_arrival_rhombi, layout_loops_cross, shapermc_ecumenical_altar_gd
D:2:      layout_loops_ring, serial_shops, nicolae_shop_waterfront, shop, shop,
          nicolae_shop_waterfront, grunt_ministairs_1
D:3:      layout_loops_ring, gammafunk_ghost_icy, serial_shops, shop_coins
D:4:      layout_basic
D:5:      layout_basic, grunt_temple_overflow_lords_of_destruction,
          temple_green, uniq_crazy_yiuf_cottage, uniq_duvessa

Skill      XL: |  1  2  3  4 |
---------------+-------------+-----
Dodging        | 3 |  3.8
Hexes          | 4 |  4.5
Ranged Weapons | 3 |  3.4
Fighting       | |  1.2
Spellcasting   | |  1.1

Action                     |  1- 3 |  4- 6 || total
---------------------------+-------+-------++-------
   Fire: Sling             |   153 |    96 ||   249
   Cast: Slow              |       |    13 ||    13
Ability: Hop               |       |     3 ||     3
    Use: Potion            |       |     1 ||     1
 Armour: Robe              |    12 |     7 ||    19
  Dodge: Dodged            |    47 |    36 ||    83

Table legend: (Time is in decaauts)
 A = Elapsed time spent in this place.
 B = Non-inter-level travel time spent in this place.
 C = Inter-level travel time spent in this place.
 D = Time resting spent in this place.
 E = Time spent auto-exploring this place.
 F = Levels seen in this place.
 G = Mean time per level.
                   A        B        C        D        E       F      G
               +--------+--------+--------+--------+--------+-----+--------+
         Total |   3315 |   3109 |    206 |    213 |   2379 |   5 |  663.0 |
       Dungeon |   3315 |   3109 |    206 |    213 |   2379 |   5 |  663.0 |
               +--------+--------+--------+--------+--------+-----+--------+

Top non-repeatable levels by time:
     D:1: 1026 daAuts
     D:2: 995 daAuts
     D:3: 857 daAuts
     D:5: 264 daAuts
     D:4: 171 daAuts
